 Dungeon Crawl Stone Soup version 0.20.1-1-g8b1a95d (webtiles) character file.

21 Irenicus the Grave Robber (level 2, 0/22 HPs)
             Began as a Deep Dwarf Necromancer on Nov 3, 2017.
             Slain by Sigmund
             ... wielding a +5 vampiric scythe
              (10 damage)
             ... on level 2 of the Dungeon.
             The game lasted 00:03:09 (585 turns).

Irenicus the Grave Robber (Deep Dwarf Necromancer)   Turns: 585, Time: 00:03:10

Health: 0/22       AC:  4    Str: 11    XL:     2   Next: 62%
Magic:  2/4        EV: 12    Int: 15    God:
Gold:   54         SH:  0    Dex: 13    Spells: 3/4 levels left

rFire    . . .     SeeInvis .   e - +0 hand axe
rCold    . . .     Gourm    .   (no shield)
rNeg     . . .     Faith    .   d - +0 leather armour
rPois    .         Spirit   .   (no helmet)
rElec    .         Reflect  .   k - +0 cloak
rCorr    .         Harm     .   (no gloves)
MR       .....                  (no boots)
Stlth    ++........             (no amulet)
Regen    0.0/turn               (no ring)
MPRegen  0.1/turn               (no ring)

@: very slightly contaminated, non-regenerating, invisible
A: damage resistance, heal wounds, sense surroundings 1, no regeneration
a: Heal Wounds


You were on level 2 of the Dungeon.
You were not hungry.

You visited 1 branch of the dungeon, and saw 2 of its levels.

You collected 54 gold pieces.

Inventory:

Hand Weapons
 e - a +0 hand axe (weapon)
Armour
 a - a +0 robe
 d - a +0 leather armour (worn)
 k - a +0 cloak (worn)
Scrolls
 f - a scroll of enchant armour {unknown}
 h - a scroll of magic mapping {unknown}
 i - a scroll of immolation {unknown}
 j - 3 scrolls of identify {unknown}
Potions
 l - a potion of invisibility
Books
 b - a book of Necromancy

   Spells                             Type                      Level
   a - Pain                           Necromancy                   1
   b - Animate Skeleton               Necromancy                   1
   c - Vampiric Draining              Necromancy                   3
   d - Regeneration                   Charms/Necromancy            3
   e - Animate Dead                   Necromancy                   4
   f - Control Undead                 Necromancy                   4
Comestibles
 c - 2 bread rations


   Skills:
 + Level 2.5 Axes
 - Level 2.1 Dodging
 - Level 2.4 Stealth
 - Level 1.7 Spellcasting
 - Level 4.4 Necromancy


You had 3 spell levels left.
You knew the following spells:

 Your Spells              Type           Power        Failure   Level  Hunger
a - Pain                  Necr           ##..         4%          1    ##.....


Dungeon Overview and Level Annotations

Branches:
Dungeon (2/15)

Altars:

Annotations:
D:2 Sigmund


Innate Abilities, Weirdness & Mutations

You are resistant to damage.
You can heal yourself by infusing magical energy.
You passively map a small area around you.
You do not regenerate.


Message History

You kill the adder!
Your Axes skill increases to level 2!
Sigmund barely misses you.
Sigmund's eyes start glowing with a red light.
Sigmund gestures at you while chanting.
You are confused.
You feel better.
Sigmund hits you from afar with a vampiric scythe!
Ouch! That really hurt!
Sigmund casts a spell at you.
You are confused.
You bump into the rock wall.
It was a potion of invisibility.
You fade into invisibility!
You are very lightly contaminated with residual magic.
You bump into the rock wall.
Sigmund barely misses you.
You bump into the rock wall.
You feel less confused.
Sigmund hits you from afar with a vampiric scythe!
You die...

#........##...............
#........#####.#######....
####.##.## #....# #.### #.##.#
**#.####.### #.##.## #...##.#..
#.##..# #........# #......
#.###@# ######....#..## #......
#.# #.###........###.##
#......*#.# #.@...####...###...
#...... #†###..###.......<.....
#......*#..######..............
#......*##.# #<..............
#......###.# #.......>.......
#..........# #................
#...........# #................
###.##.........................
# *#.......###...............


You could see Sigmund.

Vanquished Creatures
  An adder (D:2)
  A giant cockroach (D:1)
  A goblin (D:2)
  2 hobgoblins
  4 frilled lizards (D:1)
  A kobold (D:1)
  3 rats (D:1)
13 creatures vanquished.

Notes
Turn   | Place    | Note
-------+----------+-------------------------------------------
     0 | D:1      | Irenicus the Deep Dwarf Necromancer began the quest for the Orb.
     0 | D:1      | Reached XP level 1. HP: 15/15 MP: 3/3
   251 | D:1      | Reached skill level 1 in Axes
   422 | D:1      | Reached XP level 2. HP: 22/22 MP: 2/4
   545 | D:2      | Noticed Sigmund
   585 | D:2      | Slain by Sigmund

Skill      XL: |  1  2 |
---------------+-------+-----
Axes           | 1 2 |  2.5
Dodging        | |  2.1
Stealth        | |  2.4
Spellcasting   | |  1.7
Necromancy     | |  4.4

Action                   || total
-------------------------++-------
Melee: Hand axe          ||    26
 Cast: Pain              ||    18
  Use: Potion            ||     3
Armor: Leather armour    ||    10
Dodge: Dodged            ||    29
